 Dungeon Crawl Stone Soup version 0.29.1-2-gbd0b4ee654 (webtiles) character file.

Game seed: 16882932680097881300

135 hawla the Cruncher (level 5, -6/58 (64) HPs)
             Began as a Gnoll Wanderer on Nov 21, 2022.
             Killed by divine providence
             ... invoked by an orc priest
              (13 damage)
             ... on level 3 of the Dungeon.
             The game lasted 00:10:47 (2448 turns).

hawla the Cruncher (Gnoll Wanderer)                 Turns: 2448, Time: 00:10:47

HP:   -6/58 (64)    AC: 22    Str:  9 (10) XL:     5   Next: 18%
MP:   3/7           EV:  2    Int: 10 (12) God:
Gold: 116           SH:  0    Dex: 12 (14) Spells: 5/6 levels left

rFire   . . .      SeeInvis .   a - +2 quarterstaff
rCold   . . .      Faith    .   (shield currently unavailable)
rNeg    . . .      Spirit   .   (body armour currently unavailable)
rPois   +          Reflect  .   (helmet currently unavailable)
rElec   .          Harm     .   (cloak currently unavailable)
rCorr   .          Rampage  .   (gloves currently unavailable)
Will    .....      NoTele   +   (boots currently unavailable)
Stlth   ++........              (no amulet)
HPRegen 0.19/turn               (no ring)
MPRegen 0.10/turn               (no ring)

@: brilliant, tree-form (expiring), drained
A: stationary, stasis, torment immunity, boosted hp, (fangs 1), strong nose,
distributed training
a: no special abilities


You were on level 3 of the Dungeon.
You were a tree.
You visited 1 branch of the dungeon, and saw 3 of its levels.

You collected 116 gold pieces.

Inventory:

Hand Weapons
 a - a +2 quarterstaff (weapon)
 b - a +0 falchion
Missiles
 f - 5 poisoned darts (quivered)
 h - a throwing net
 n - 2 boomerangs
Armour
 c - a +0 helmet (melded)
 e - a +0 leather armour (melded)
Wands
 i - a wand of paralysis (7)
Potions
 g - a potion of attraction
 l - 2 potions of cancellation


   Skills:
 + Level 4.8 Fighting
 + Level 1.4 Short Blades
 + Level 3.0 Long Blades
 + Level 1.4 Axes
 + Level 1.4 Maces & Flails
 + Level 1.4 Polearms
 + Level 8.6 Staves
 + Level 1.4 Ranged Weapons
 + Level 1.4 Throwing
 + Level 3.0 Armour
 + Level 4.8 Dodging
 + Level 1.4 Stealth
 + Level 1.4 Shields
 + Level 1.4 Unarmed Combat
 + Level 1.4 Spellcasting
 + Level 1.1 Conjurations
 + Level 1.1 Hexes
 + Level 1.1 Summonings
 + Level 1.1 Necromancy
 + Level 1.1 Translocations
 + Level 1.1 Transmutations
 + Level 1.1 Fire Magic
 + Level 1.1 Ice Magic
 + Level 1.1 Air Magic
 + Level 1.1 Earth Magic
 + Level 1.1 Poison Magic
 + Level 1.6 Invocations
 + Level 1.4 Evocations


You had 5 spell levels left.
You knew the following spells:

 Your Spells              Type           Power      Damage    Failure   Level
a - Magic Dart            Conj           16%        1d3       21%         1

Your spell library contained the following spells:

 Spells                   Type           Power      Damage    Failure   Level
 Necrotise                Necr           16%        1d4       21%         1
 Call Imp                 Summ           4%         N/A       30%         2
 Mephitic Cloud           Conj/Pois/Air  4%         N/A       52%         3
 Vampiric Draining        Necr           4%         2d6       52%         3
 Animate Dead             Necr           4%         N/A       90%         4
 Agony                    Necr           4%         N/A       99%         5
 Borgnjor's Vile Clutch   Necr/Erth      2%         N/A       99%         5
 Death Channel            Necr           2%         N/A       100%        6


Dungeon Overview and Level Annotations

Branches:
Dungeon (3/15)

Altars:
Kikubaaqudgha
Sif Muna


Innate Abilities, Weirdness & Mutations

You are a tree.
Your roots penetrate the ground, keeping you stationary.
You cannot be teleported.
You are immune to unholy pain and torment.
Your maximum health is greatly increased.
Your equipment is partially melded.
((You have very sharp teeth.))
Your uncanny sense of smell can sniff out nearby items.
Your experience applies equally to all skills.


Message History

You kill the orc!
The necrophage hits you but does no damage.
The orc hits you but does no damage.
Your Long Blades skill increases to level 3!
Your Armour skill increases to level 3!
You cannot move.
Unknown command.
Casting: Magic Dart (safe; 21% risk of failure)
Confirm with . or Enter, or press ? or * to list all spells.
Aiming: Magic Dart (safe; 21% risk of failure)
Press: ? - help, Shift-Dir - straight line, f - orc priest
Aim: an orc priest, wielding a +0 short sword and wearing a +0 leather armour (100% to hit)
You feel a surge of power!
The magic dart hits the orc priest.
The orc priest is lightly wounded.
The orc hits you with a +0 mace.
* * * LOW HITPOINT WARNING * * *
The necrophage completely misses you.
You hit the orc priest but do no damage.
The orc priest is lightly wounded.
You closely miss the orc priest.
The orc priest is lightly wounded.
The orc priest hits you but does no damage.
The orc hits you with a +0 mace.
* * * LOW HITPOINT WARNING * * *
The necrophage completely misses you.
You hit the orc priest.
The orc priest is moderately wounded.
The necrophage hits you but does no damage.
The orc priest hits you with a +0 short sword.
* * * LOW HITPOINT WARNING * * *
The orc hits you but does no damage.
You closely miss the orc priest.
The orc priest is moderately wounded.
The orc hits you but does no damage. The orc priest barely misses you.
The necrophage hits you but does no damage.
You hit the orc priest.
The orc priest is heavily wounded.
The orc priest invokes the aid of Beogh against you.
Beogh smites you!
You die...

############...
##.....n♣o......
#..##..o###...##
#.###.#.#∆ .#
#.###...#
#....###. #(.#.#∆
.# ∆ #....# #.
##.
##.###..#.#.#..##
#..#∆ .#.# #.#..∆


You could see a necrophage, an orc priest and an orc.

Vanquished Creatures
  Ijyb (D:3)
  3 gnolls (D:3)
  3 adders (D:3)
  4 orcs (D:3)
  7 ball pythons
  6 bats
  A giant cockroach (D:3)
  5 goblins
  2 hobgoblins
  4 jackals (D:2)
  3 quokkas
  5 frilled lizards
  A kobold (D:1)
  5 rats
50 creatures vanquished.

Vanquished Creatures (others)
  2 plants (D:1)
2 creatures vanquished.

Grand Total: 52 creatures vanquished

Notes
Turn   | Place    | Note
-------+----------+-------------------------------------------
     0 | D:1      | hawla the Gnoll Wanderer began the quest for the Orb.
     0 | D:1      | hawla set off with the following items: a +2 quarterstaff,
                  | a +0 falchion, a +0 helmet, a potion of brilliance, a +0
                  | leather armour.
     0 | D:1      | Reached XP level 1. HP: 20/20 MP: 1/1
   158 | D:1      | Reached XP level 2. HP: 23/26 MP: 2/2
   394 | D:1      | Found a faded altar of an unknown god.
   561 | D:1      | Reached XP level 3. HP: 26/31 MP: 3/3
  1246 | D:2      | Reached skill level 1 in Invocations
  1395 | D:2      | Learned a level 1 spell: Magic Dart
  1460 | D:2      | Found a shimmering blue altar of Sif Muna.
  1865 | D:3      | Reached skill level 1 in Short Blades
  1865 | D:3      | Reached skill level 1 in Axes
  1865 | D:3      | Reached skill level 1 in Maces & Flails
  1865 | D:3      | Reached skill level 1 in Polearms
  1865 | D:3      | Reached skill level 1 in Ranged Weapons
  1865 | D:3      | Reached skill level 1 in Throwing
  1865 | D:3      | Reached skill level 1 in Stealth
  1865 | D:3      | Reached skill level 1 in Shields
  1865 | D:3      | Reached skill level 1 in Unarmed Combat
  1865 | D:3      | Reached skill level 1 in Spellcasting
  1865 | D:3      | Reached skill level 1 in Evocations
  1866 | D:3      | Reached XP level 4. HP: 38/38 MP: 1/5
  2086 | D:3      | Noticed a centaur
  2331 | D:3      | Found an ancient bone altar of Kikubaaqudgha.
  2347 | D:3      | Noticed Ijyb
  2362 | D:3      | Reached skill level 1 in Conjurations
  2362 | D:3      | Reached skill level 1 in Hexes
  2362 | D:3      | Reached skill level 1 in Summonings
  2362 | D:3      | Reached skill level 1 in Necromancy
  2362 | D:3      | Reached skill level 1 in Translocations
  2362 | D:3      | Reached skill level 1 in Transmutations
  2362 | D:3      | Reached skill level 1 in Fire Magic
  2362 | D:3      | Reached skill level 1 in Ice Magic
  2362 | D:3      | Reached skill level 1 in Air Magic
  2362 | D:3      | Reached skill level 1 in Earth Magic
  2362 | D:3      | Reached skill level 1 in Poison Magic
  2369 | D:3      | Paralysed by Ijyb for 5 turns
  2382 | D:3      | Killed Ijyb
  2389 | D:3      | Noticed a necrophage
  2393 | D:3      | Reached XP level 5. HP: 16/43 MP: 3/7
  2448 | D:3      | Killed from afar by an orc priest

Illustrated notes

Levels and vault maps discovered:
D:1:      nicolae_arrival_somewhat_less_tricky_arrival, layout_rooms,
          serial_bayou, serial_bayou_shore_a, serial_bayou_lagoon_a,
          serial_bayou_lake_a, serial_bayou_ford_a,
          hellmonk_ecumenical_altar_leap_of_faith
D:2:      layout_basic, basic_altar, chequers_serial_rivers_micro_a
D:3:      layout_basic, lemuel_coloured_pillars_altar, minmay_starry_boxes,
          uniq_ijyb

Skill      XL: |  1  2  3  4  5 |
---------------+----------------+-----
Invocations    | 1 |  1.6
Short Blades   | 1 |  1.4
Axes           | 1 |  1.4
Maces & Flails | 1 |  1.4
Polearms       | 1 |  1.4
Ranged Weapons | 1 |  1.4
Throwing       | 1 |  1.4
Stealth        | 1 |  1.4
Shields        | 1 |  1.4
Unarmed Combat | 1 |  1.4
Spellcasting   | 1 |  1.4
Evocations     | 1 |  1.4
Conjurations   | 1 |  1.1
Hexes          | 1 |  1.1
Summonings     | 1 |  1.1
Necromancy     | 1 |  1.1
Translocations | 1 |  1.1
Transmutations | 1 |  1.1
Fire Magic     | 1 |  1.1
Ice Magic      | 1 |  1.1
Air Magic      | 1 |  1.1
Earth Magic    | 1 |  1.1
Poison Magic   | 1 |  1.1
Long Blades    | 3 |  3.0
Armour         | 3 |  3.0
Fighting       | |  4.8
Staves         | |  8.6
Dodging        | |  4.8

Action                   |  1- 3 |  4- 6 || total
-------------------------+-------+-------++-------
Melee: Quarterstaff      |    79 |    52 ||   131
       Bite              |     4 |     5 ||     9
Throw: Dart              |       |     6 ||     6
 Cast: Magic Dart        |     3 |     8 ||    11
  Use: Scroll            |     4 |     3 ||     7
       Potion            |       |    11 ||    11
 Stab: Sleeping          |     1 |       ||     1
Armor: Leather armour    |    26 |    17 ||    43
       Skin              |       |    26 ||    26
Dodge: Dodged            |    55 |    63 ||   118
